 Dungeon Crawl Stone Soup version 0.18-a0-1745-gffa9a88 (webtiles) character file.

64 dobroeutro the Skirmisher (level 3, 0/29 HPs)
             Began as a Demonspawn Fighter on Apr 11, 2016.
             Slain by an adder (3 damage)
             ... on level 2 of the Dungeon.
             The game lasted 00:03:42 (979 turns).

dobroeutro the Skirmisher (Demonspawn Fighter)       Turns: 979, Time: 00:03:43

Health: 0/29       AC:  6    Str: 17    XL:     3   Next: 91%
Magic:  3/3        EV:  7    Int:  9    God:
Gold:   64         SH:  9    Dex: 12    Spells: 0 memorised, 2 levels left

rFire  . . .     SeeInvis .     a - +0 trident
rCold  . . .     Gourm    .     b - +0 scale mail
rNeg   . . .     Faith    .     c - +0 shield
rPois  .         Spirit   .     (no helmet)
rElec  .         Dismiss  .     (no cloak)
rCorr  .         Reflect  .     (no gloves)
SustAt .         Harm     .     (no boots)
MR     .....                    (no amulet)
Stlth  ..........               (no ring)
                                (no ring)

@: not resistant to hostile enchantments, extremely unstealthy
A: claws 1, rot immunity
a: no special abilities


You were on level 2 of the Dungeon.
You were hungry.

You visited 1 branch of the dungeon, and saw 2 of its levels.

You collected 64 gold pieces.

Inventory:

Hand Weapons
 a - a +0 trident (weapon)
Missiles
 g - 6 javelins of penetration (quivered)
Armour
 b - a +0 scale mail (worn)
 c - a +0 shield (worn)
Jewellery
 k - an uncursed ring of see invisible {unknown}
Scrolls
 j - a scroll of recharging {unknown}
Potions
 d - a potion of might
 e - a potion of agility {unknown}
 h - a potion of curing {unknown}
 i - 2 potions of lignification {unknown}
Comestibles
 f - a bread ration
 l - 5 chunks of flesh


   Skills:
 + Level 3.3 Fighting
 + Level 2.1 Polearms
 + Level 3.1 Armour
 + Level 0.1 Dodging
 + Level 0.4 Stealth
 + Level 3.0 Shields
 * Level 1.4 Unarmed Combat


You had 2 spell levels left.
You didn't know any spells.

Dungeon Overview and Level Annotations

Branches:
Dungeon (2/15)

Altars:


Innate Abilities, Weirdness & Mutations

You have sharp fingernails.
You are immune to rotting.


Message History

You feel sick.
You are feeling hungry.
You feel sick. You block the adder's attack.
You feel sick.
You see here a rat corpse.
You block the adder's attack.
You feel sick. The adder bites you but does no damage.
You feel sick. The adder bites you but does no damage.
You see here a rat corpse.
You feel sick. You block the adder's attack. You block the adder's attack.
You feel sick.
You are no longer poisoned.
You see here a rat corpse.
You block the adder's attack. The adder bites you but does no damage.
The adder bites you.
You die...

#.#####.##.#####..........#
#.#####.#........# #......
#......S...#####.####......
#.#####.#### #....#..w..8
#...###.# #.##.##.#...
#.......# #.##.##.#...
###.############.......####
#.######.S...>.......#
#.##....@##..#.##.##.####
#.##.....##..#.##.##.....
#.##.........#...........
#.##<....#......#.##.....
#.##.....#......#.##.####
#.######..÷..........#
###÷# ########.######
####...## #.# #.......#
#######.#


You could see an adder.

Vanquished Creatures
  Terence (D:2)
  An adder zombie (D:2)
  A worm (D:2)
  A dart slug (D:1)
  A ball python (D:1)
  6 bats (D:1)
  A bat zombie (D:2)
  A giant cockroach (D:1)
  A goblin (D:1)
  4 hobgoblins (D:1)
  A giant gecko zombie (D:2)
  6 giant newts
  2 kobolds (D:1)
  A quokka zombie (D:2)
  6 rats
34 creatures vanquished.

Notes
Turn   | Place    | Note
--------------------------------------------------------------
     0 | D:1      | dobroeutro the Demonspawn Fighter began the quest for the Orb.
     0 | D:1      | Reached XP level 1. HP: 18/18 MP: 1/1
   134 | D:1      | Gained mutation: You are immune to rotting. [demonic ancestry]
   134 | D:1      | Reached XP level 2. HP: 14/24 MP: 2/2
   702 | D:2      | Reached skill level 1 in Unarmed Combat
   702 | D:2      | Gained mutation: You have sharp fingernails. [demonic ancestry]
   702 | D:2      | Reached XP level 3. HP: 29/29 MP: 3/3
   796 | D:2      | Noticed Terence
   810 | D:2      | Killed Terence
   840 | D:2      | HP: 1/29 [worm (8)]
   979 | D:2      | Slain by an adder

Vault maps used:
D:1:      zaba_arrival_water
D:2:      kennysheep_the_goblin_king, serial_undead, serial_undead_a,
          serial_undead_d, serial_undead_e, serial_undead_a, uniq_terence

Skill      XL: |  1  2  3 |
---------------+----------+-----
Armour         | 3 |  3.1
Unarmed Combat | 1 |  1.4
Shields        | 3 |  3.0
Polearms       | 2 |  2.1
Fighting       | |  3.3
Dodging        | |  0.1
Stealth        | |  0.4

Action                   || total
-------------------------++-------
Melee: Trident           ||   135
